 Dungeon Sprint DCSS version 0.24-a0-27-gca774cb5d5 (webtiles) character file.

Game seed: 14664158194100646249

46 Denreik the Magician (level 3, -3/27 HPs)
             Began as a Gnoll Wizard on Feb 2, 2019.
             Slain by a worker ant (7 damage)
             ... in the Dungeon (Sprint II: "The Violet Keep of Menkaure").
             The game lasted 00:01:25 (42 turns).

Denreik the Magician (Gnoll Wizard)                   Turns: 42, Time: 00:01:25

Health: -3/27      AC:  2    Str:  9    XL:     3   Next: 68%
Magic:  7/12       EV: 15    Int: 20    God:
Gold:   0          SH:  0    Dex: 14    Spells: 16/17 levels left

rFire    . . .     SeeInvis .     - Unarmed
rCold    . . .     Gourm    .   (no shield)
rNeg     . . .     Faith    .   a - +0 robe
rPois    .         Spirit   .   b - +0 hat
rElec    .         Reflect  .   (no cloak)
rCorr    .         Harm     .   (no gloves)
MR       .....     NoTele   +   (no boots)
Stlth    +++.......             (no amulet)
HPRegen  0.09/turn              (no ring)
MPRegen  0.13/turn              (no ring)

@: lethally poisoned (-3 -> -19), very slightly contaminated
A: distributed training, fangs 1, strong nose
a: no special abilities


You were in the Dungeon.
You were not hungry.

You visited 1 branch

Inventory:

Armour
 a - a +0 robe (worn)
 b - a +0 hat (worn)
Scrolls
 j - a scroll of blinking
Potions
 g - a potion of haste
 i - a potion of berserk rage
Comestibles
 d - a ration


   Skills:
 + Level 2.1 Fighting
 + Level 2.1 Short Blades
 + Level 2.1 Long Blades
 + Level 2.1 Axes
 + Level 2.1 Maces & Flails
 + Level 2.1 Polearms
 + Level 2.1 Staves
 + Level 2.1 Slings
 + Level 2.1 Bows
 + Level 2.1 Crossbows
 + Level 2.1 Throwing
 + Level 2.1 Armour
 + Level 5.0 Dodging
 + Level 4.7 Stealth
 + Level 2.1 Shields
 + Level 2.1 Unarmed Combat
 + Level 7.5 Spellcasting
 + Level 2.7 Conjurations
 + Level 1.7 Hexes
 + Level 1.7 Charms
 + Level 2.7 Summonings
 + Level 1.7 Necromancy
 + Level 2.7 Translocations
 + Level 1.7 Transmutations
 + Level 1.7 Fire Magic
 + Level 1.7 Ice Magic
 + Level 1.7 Air Magic
 + Level 1.7 Earth Magic
 + Level 1.7 Poison Magic
 + Level 2.3 Invocations
 + Level 2.1 Evocations


You had 16 spell levels left.
You knew the following spells:

 Your Spells              Type           Power        Failure   Level  Hunger
a - Magic Dart            Conj           ###.         3%          1    None

Your spell library contained the following spells:

 Spells                   Type           Power        Failure   Level  Hunger
 Blink                    Tloc           N/A          4%          2    None
 Call Imp                 Summ           ###.....     4%          2    None
 Slow                     Hex            ##......     7%          2    None
 Conjure Flame            Conj/Fire      ###.....     11%         3    None
 Mephitic Cloud           Conj/Pois/Air  ###.....     12%         3    None


Dungeon Overview and Level Annotations

Branches:
Dungeon (1/1)

Altars:


Innate Abilities, Weirdness & Mutations

Your experience applies equally to all skills.
You have very sharp teeth.
Your uncanny sense of smell can sniff out nearby items.


Message History

Press: ? - help, Shift-Dir - straight line, f/p - worker ant
Aim: a worker ant (lightly wounded)
The magic dart hits the worker ant.
The worker ant is moderately wounded.
* * * LOW HITPOINT WARNING * * *
You feel sick. The worker ant bites you.
* * * LOW HITPOINT WARNING * * *
You are more poisoned.
The worker ant poisons you!
Unknown command.
Casting: Magic Dart (safe; 3% risk of failure)
Confirm with . or Enter, or press ? or * to list all spells.
Aiming: Magic Dart (safe; 3% risk of failure)
Press: ? - help, Shift-Dir - straight line, f/p - worker ant
Aim: a worker ant (moderately wounded)
The magic dart hits the worker ant.
The worker ant is moderately wounded.
* * * LOW HITPOINT WARNING * * *
You feel sick. The worker ant bites you!
You die...

∆∆ ∆ ∆ ## #3
# ##. # #.
#+# .##
#.a##.##$w.#
∆ #a@<.+#
#..##.##.w.#
#. #+# .## #
$#. # H# #H
## ## ∆ ∆


You could see 2 worker ants.

Vanquished Creatures
  2 worker ants (D)
2 creatures vanquished.

Vanquished Creatures (others)
  Menkaure (D)
1 creature vanquished.

Grand Total: 3 creatures vanquished

Notes
Turn   | Place    | Note
-------+----------+-------------------------------------------
     0 | D        | Denreik the Gnoll Wizard began the quest for the Orb.
     0 | D        | Reached XP level 1. HP: 13/13 MP: 8/8
     1 | D        | Noticed a worker ant
     1 | D        | Noticed a worker ant
     1 | D        | Noticed a worker ant
     1 | D        | Noticed a worker ant
     4 | D        | Noticed a neqoxec
     7 | D        | Noticed a tyrant leech
     7 | D        | Noticed a tyrant leech
    10 | D        | Noticed a hippogriff
    10 | D        | Noticed a hippogriff
    20 | D        | Killed Menkaure
    26 | D        | Killed a worker ant
    26 | D        | Reached skill level 1 in Fighting
    26 | D        | Reached skill level 1 in Short Blades
    26 | D        | Reached skill level 1 in Long Blades
    26 | D        | Reached skill level 1 in Axes
    26 | D        | Reached skill level 1 in Maces & Flails
    26 | D        | Reached skill level 1 in Polearms
    26 | D        | Reached skill level 1 in Staves
    26 | D        | Reached skill level 1 in Slings
    26 | D        | Reached skill level 1 in Bows
    26 | D        | Reached skill level 1 in Crossbows
    26 | D        | Reached skill level 1 in Throwing
    26 | D        | Reached skill level 1 in Armour
    26 | D        | Reached skill level 1 in Shields
    26 | D        | Reached skill level 1 in Unarmed Combat
    26 | D        | Reached skill level 1 in Hexes
    26 | D        | Reached skill level 1 in Charms
    26 | D        | Reached skill level 1 in Necromancy
    26 | D        | Reached skill level 1 in Transmutations
    26 | D        | Reached skill level 1 in Fire Magic
    26 | D        | Reached skill level 1 in Ice Magic
    26 | D        | Reached skill level 1 in Air Magic
    26 | D        | Reached skill level 1 in Earth Magic
    26 | D        | Reached skill level 1 in Poison Magic
    26 | D        | Reached skill level 1 in Invocations
    26 | D        | Reached skill level 1 in Evocations
    26 | D        | Reached XP level 2. HP: 6/21 MP: 6/10
    26 | D        | Reached XP level 3. HP: 8/26 MP: 6/11
    34 | D        | Reached skill level 5 in Dodging
    42 | D        | Slain by a worker ant

Vault maps used:
D:        the_violet_keep_of_menkaure

Skill      XL: |  1  2  3 |
---------------+----------+-----
Fighting       | 1 2 |  2.1
Short Blades   | 1 2 |  2.1
Long Blades    | 1 2 |  2.1
Axes           | 1 2 |  2.1
Maces & Flails | 1 2 |  2.1
Polearms       | 1 2 |  2.1
Staves         | 1 2 |  2.1
Slings         | 1 2 |  2.1
Bows           | 1 2 |  2.1
Crossbows      | 1 2 |  2.1
Throwing       | 1 2 |  2.1
Armour         | 1 2 |  2.1
Shields        | 1 2 |  2.1
Unarmed Combat | 1 2 |  2.1
Conjurations   | 2 |  2.7
Hexes          | 1 |  1.7
Charms         | 1 |  1.7
Summonings     | 2 |  2.7
Necromancy     | 1 |  1.7
Translocations | 2 |  2.7
Transmutations | 1 |  1.7
Fire Magic     | 1 |  1.7
Ice Magic      | 1 |  1.7
Air Magic      | 1 |  1.7
Earth Magic    | 1 |  1.7
Poison Magic   | 1 |  1.7
Invocations    | 1 2 |  2.3
Evocations     | 1 2 |  2.1
Dodging        | 5 |  5.0
Stealth        | |  4.7
Spellcasting   | |  7.5

Action                   || total
-------------------------++-------
 Cast: Magic Dart        ||    23
  Use: Potion            ||     4
Armor: Robe              ||     1
Dodge: Dodged            ||    18

Table legend:
 A = Non-vault XP
 B = Vault XP
 C = Vault XP percentage of total XP
 D = Non-vault monster count
 E = Vault monster count
 F = Vault count percentage of total count
                 A         B        C        D         E       F
            +---------+---------+-------+---------+---------+-------
      Total |       0 |      67 | 100.0 |       0 |       2 | 100.0
            +---------+---------+-------+---------+---------+-------
          D |       0 |      67 | 100.0 |       0 |       2 | 100.0
            +---------+---------+-------+---------+---------+-------
